 Dungeon Crawl Stone Soup version 0.21-a0-228-g14ccbf3 (webtiles) character file.

396 Gorglomux the Poker (level 6, -6/49 HPs)
             Began as a Merfolk Summoner on Aug 31, 2017.
             Was an Initiate of Yredelemnul.
             Killed by divine providence
             ... invoked by an orc priest
              (14 damage)
             ... on level 4 of the Dungeon.
             The game lasted 00:05:28 (4171 turns).

Gorglomux the Poker (Merfolk Summoner)              Turns: 4171, Time: 00:05:29

Health: -6/49      AC:  3    Str: 10    XL:     6   Next: 83%
Magic:  6/9        EV: 13    Int: 17    God:    Yredelemnul [......]
Gold:   240        SH:  0    Dex: 15    Spells: 3/9 levels left

rFire    . . .     SeeInvis .   g - +0 spear
rCold    . . .     Gourm    +   (no shield)
rNeg     . . .     Faith    .   a - +0 robe
rPois    .         Spirit   .   A - +1 hat
rElec    .         Reflect  .   (no cloak)
rCorr    .         Harm     .   (no gloves)
MR       .....                  (no boots)
Stlth    ++........             f - amulet of the gourmand
HPRegen  0.16/turn              l - +3 ring of intelligence
MPRegen  0.11/turn              (no ring)

@: no status effects
A: change form in water, swift swim, stealthy swim
a: Renounce Religion


You were on level 4 of the Dungeon.
You worshipped Yredelemnul.
Yredelemnul was noncommittal.
You were completely stuffed.

You visited 1 branch of the dungeon, and saw 4 of its levels.

You collected 240 gold pieces.

Inventory:

Hand Weapons
 e - a +0 dagger
 g - a +0 spear (weapon)
Missiles
 j - 5 javelins (quivered)
Armour
 a - a +0 robe (worn)
 A - a +1 hat (worn)
Jewellery
 f - an amulet of the gourmand (around neck)
 l - a +3 ring of intelligence (left hand)
 r - an uncursed amulet of regeneration {unknown}
 J - an uncursed ring of magical power {unknown}
Wands
 I - a wand of iceblast (9/15)
 L - a wand of iceblast (9/15)
Scrolls
 n - 3 scrolls of remove curse
 p - a scroll of identify {unknown}
 u - a scroll of fear {unknown}
 y - a scroll of recharging {unknown}
 E - 2 scrolls of amnesia {unknown}
 F - 2 scrolls of teleportation {unknown}
Potions
 i - a potion of magic {unknown}
 m - 2 potions of curing {unknown}
 o - a potion of brilliance {unknown}
 q - 2 potions of ambrosia {unknown}
 s - 2 potions of lignification {unknown}
 t - a potion of degeneration {unknown}
 w - 2 potions of mutation {unknown}
 D - a potion of haste {unknown}
Books
 b - a book of Callings

   Spells                             Type                      Level
   a - Summon Small Mammal            Summoning                    1
   b - Call Imp                       Summoning                    2
   c - Call Canine Familiar           Summoning                    3
   d - Summon Guardian Golem          Hexes/Summoning              3
   e - Summon Lightning Spire         Summoning/Air                4
   f - Summon Ice Beast               Ice/Summoning                4
Comestibles
 c - 3 bread rations
 k - 2 royal jellies
 z - 3 meat rations
 C - a fruit
 K - 12 chunks of flesh


   Skills:
 + Level 4.6 Fighting
 + Level 6.4 Polearms
 - Level 2.6 Dodging
 - Level 2.1 Stealth
 - Level 2.3 Spellcasting
 - Level 4.2 Summonings


You had 3 spell levels left.
You knew the following spells:

 Your Spells              Type           Power        Failure   Level  Hunger
a - Summon Small Mammal   Summ           ###.         3%          1    #......
b - Call Imp              Summ           ###.....     4%          2    ##.....
c - Call Canine Familiar  Summ           ###.....     10%         3    ###....


Dungeon Overview and Level Annotations

Branches:
Dungeon (4/15)
 Temple: D:4-7

Altars:
Ashenzari
Dithmenos
Elyvilon
Nemelex Xobeh
Ru
Uskayaw
Xom
Yredelemnul


Message History

The orc's wounds heal themselves!!!
Your crimson imp blinks!!!
You spit the orc but do no damage! The orc barely butts you!
You perforate the orc like a sieve!
The orc is moderately wounded!
The orc priest looks satisfied for a moment!
The orc completely misses you!
An butt comes into view! It is wielding a dagger!
Unknown command!
Your crimson imp blinks!!!
The orc priest invokes the aid of Beogh against you!
Beogh smites you!!! * * * don't butt
* * *
Casting: Call Imp
Confirm with ! or Enter, or press ? or * to list butt spells!
A shadowy apparition takes form in the air!
The orc priest invokes the aid of Butt butt butt!
Beogh smites you!!! rip Your body rises from the dead as a mindless zombie!

...# ####### 5.#
#.....## ..#
#..... ..$ #.....
#o# #..... #o#
#########..... #.#
#............. #o#
#............. #@#
#.........)...
#5###.............
#..............###
####..............
#...........###
#...........#
#...........#
#...........#
#...........#


You could see an orc priest, 2 orcs, a friendly crimson imp and a friendly
shadow imp.

Vanquished Creatures
  Menkaure (D:4)
  3 adders (D:3)
  A gnoll (D:4)
  A worm (D:2)
  A dart slug (D:1)
  A leopard gecko (D:2)
  An orc (D:3)
  3 bats
  4 giant cockroaches
  2 gnoll zombies (D:3)
  7 hobgoblins
  4 jackals
  3 quokkas
  2 frilled lizards (D:2)
  3 goblins
  4 kobolds
  7 rats
48 creatures vanquished.

Vanquished Creatures (collateral kills)
  Eustachio (D:4)
  An ogre (D:3)
  A howler monkey (D:4)
  3 adders
  2 gnolls (D:4)
  3 worms
  2 dart slugs
  2 leopard geckos
  4 orcs
  3 bats
  2 giant cockroaches (D:1)
  A goblin (D:3)
  2 hobgoblins
  2 jackals
  A quokka (D:2)
  2 frilled lizards
  3 kobolds (D:1)
  A rat (D:3)
36 creatures vanquished.

Vanquished Creatures (others)
  A leopard gecko (D:3)
1 creature vanquished.

Grand Total: 85 creatures vanquished

Notes
Turn   | Place    | Note
-------+----------+-------------------------------------------
     0 | D:1      | Gorglomux the Merfolk Summoner began the quest for the Orb.
     0 | D:1      | Reached XP level 1. HP: 13/13 MP: 3/3
   284 | D:1      | Reached XP level 2. HP: 13/19 MP: 0/5
   378 | D:1      | Learned a level 2 spell: Call Imp
   703 | D:1      | Reached skill level 1 in Polearms
   853 | D:1      | Reached skill level 1 in Fighting
   940 | D:1      | Reached XP level 3. HP: 24/26 MP: 4/6
  1431 | D:2      | Reached skill level 2 in Polearms
  1866 | D:2      | Found a shattered altar of Ashenzari.
  2031 | D:2      | Found a shimmering altar of Xom.
  2180 | D:2      | Reached XP level 4. HP: 23/33 MP: 0/7
  2336 | D:2      | Found a sacrificial altar of Ru.
  2473 | D:2      | Found a sparkling altar of Nemelex Xobeh.
  2545 | D:3      | Reached skill level 3 in Polearms
  2623 | D:3      | Learned a level 3 spell: Call Canine Familiar
  2663 | D:3      | Noticed an ogre
  2670 | D:3      | Killed an ogre
  2670 | D:3      | Reached skill level 3 in Fighting
  2670 | D:3      | Reached skill level 4 in Polearms
  2670 | D:3      | Reached XP level 5. HP: 31/41 MP: 0/8
  2714 | D:3      | Found a white marble altar of Elyvilon.
  3554 | D:3      | Found a basalt altar of Yredelemnul.
  3562 | D:3      | Became a worshipper of Yredelemnul the Dark
  3780 | D:4      | Noticed Eustachio
  3798 | D:4      | Killed Eustachio
  3798 | D:4      | Reached skill level 5 in Polearms
  3798 | D:4      | Reached XP level 6. HP: 46/48 MP: 3/9
  3810 | D:4      | Noticed a dagger
  3810 | D:4      | Found a hide-covered altar of Uskayaw.
  3811 | D:4      | Noticed a dagger
  3813 | D:4      | Found a shadowy altar of Dithmenos.
  3850 | D:4      | Noticed Menkaure
  3858 | D:4      | Killed Menkaure
  3858 | D:4      | Reached skill level 6 in Polearms
  4171 | D:4      | Killed from afar by an orc priest

Vault maps used:
D:1:      scummos_arrival_simple_fountains, minmay_tetromino_t2
D:2:      lemuel_round_altar, hangedman_ru_absence, lemuel_crystal_altar,
          xom_teletrap_fun
D:3:      lemuel_zombie_altar_yredelemnul, elyvilon_altar_4,
          minmay_misc_feat_secret_circle
D:4:      grunt_dithmenos_smoke_and_mirrors, dancing_weapons_uskayaw,
          first_bread, uniq_menkaure, uniq_eustachio

Skill      XL: |  1  2  3  4  5  6 |
---------------+-------------------+-----
Polearms       | 1 2 4 5 6 |  6.4
Fighting       | 1 2 3 4 |  4.6
Dodging        | |  2.6
Stealth        | |  2.1
Spellcasting   | |  2.3
Summonings     | |  4.2

Action                   |  1- 3 |  4- 6 || total
-------------------------+-------+-------++-------
Melee: Unarmed           |    25 |       ||    25
       Dagger            |    12 |       ||    12
       Spear             |   106 |   181 ||   287
Throw: Javelin           |     2 |       ||     2
 Cast: Summon Small Mamm |    12 |       ||    12
       Call Imp          |    32 |    29 ||    61
       Call Canine Famil |       |     2 ||     2
  Use: Scroll            |       |     1 ||     1
 Stab: Sleeping          |     7 |     6 ||    13
       Distracted        |     1 |     1 ||     2
  Eat: Chunk             |    22 |     9 ||    31
Armor: Robe              |    15 |    25 ||    40
Dodge: Dodged            |    84 |    96 ||   180

Table legend:
 A = Spawn XP
 B = Non-spawn XP
 C = Spawn XP percentage of total XP
 D = Spawn monster count
 E = Non-spawn monster count
 F = Spawn count percentage of total count
 G = Total turns spent on level
                    A         B        C        D         E        F      G
               +---------+---------+-------+---------+---------+-------+---------
         Total |      38 |     529 |   6.7 |       6 |      78 |   7.1 |  4171
               +---------+---------+-------+---------+---------+-------+---------
           D:1 |       3 |      36 |   7.7 |       1 |      23 |   4.2 |  1387
           D:2 |       5 |      55 |   8.3 |       2 |      23 |   8.0 |  1144
           D:3 |      28 |     116 |  19.4 |       2 |      20 |   9.1 |  1244
           D:4 |       2 |     322 |   0.6 |       1 |      12 |   7.7 |   396
               +---------+---------+-------+---------+---------+-------+---------
